 Dungeon Crawl Stone Soup version 0.18-a0-1040-g4865665 (webtiles) character file.

55584 Sixotanaka the Fighter (level 14, -3/106 HPs)
             Began as an Octopode Assassin on Dec 24, 2015.
             Was an Initiate of Gozag.
             Slain by a deep elf blademaster
             ... wielding a +0 rapier
              (25 damage)
             ... on level 4 of the Abyss on Jan 10, 2016.
             The game lasted 02:09:52 (35204 turns).

Sixotanaka the Fighter (Octopode Assassin)         Turns: 35204, Time: 02:09:52

Health: -3/106     AC:  3    Str: 12    XL:     14   Next: 78%
Magic:  18/18      EV: 31    Int: 16    God:    Gozag
Gold:   3586       SH:  0    Dex: 18    Spells: 2 memorised, 4 levels left

rFire  . . .     SeeInvis .     a - +0 rapier
rCold  + . .     Gourm    .     (no shield)
rNeg   + . .     Faith    .     m - +2 hat
rPois  .         Spirit   .     S - amulet of the Air {Inacc +Fly rElec EV+5 RMsl}
rElec  +         Dismiss  .     A - ring of flight
rCorr  .         Reflect  .     w - +2 ring of intelligence
SustAt .         Harm     .     O - +2 ring of strength
MR     +....     Rnd*Tele +     P - ring of positive energy
Stlth  +++++++...               R - +4 ring of evasion
                                u - ring of protection from cold
                                k - ring of teleportation
                                (no ring)

@: repel missiles, drained, somewhat resistant to hostile enchantments,
extremely stealthy
A: almost no armour, amphibious, 8 rings, constrict 8, camouflage 1, gelatinous
body 1
a: Potion Petition, Call Merchant, Bribe Branch, Renounce Religion, Evoke
Flight, Evoke Teleportation


You were on level 4 of the Abyss.
You worshipped Gozag.
Gozag was noncommittal.
You were not hungry.

You visited 4 branches of the dungeon, and saw 22 of its levels.
You visited the Abyss 1 time.
You also visited: Labyrinth and Ossuary.

You collected 6340 gold pieces.
You spent 875 gold pieces at shops.
You paid 1879 gold pieces to Gozag.


Innate Abilities, Weirdness & Mutations

You cannot wear most types of armour.
You are amphibious.
You can wear up to eight rings at the same time.
You can use your tentacles to constrict eight enemies at once.
Your skin changes colour to match your surroundings (Stealth).
Your rubbery body absorbs attacks (AC +1).


   Skills:
 + Level 13.1(12.8) Fighting
 - Level 10.0(9.8) Short Blades
 - Level 2.0(1.8) Throwing
 - Level 13.0(12.7) Dodging
 + Level 12.1(11.9) Stealth
 - Level 6.0(5.7) Hexes
 - Level 9.0(8.7) Charms
 - Level 2.6(2.4) Air Magic
 - Level 6.3(6.1) Evocations


You had 4 spell levels left.
You knew the following spells:

 Your Spells              Type           Power        Failure   Level  Hunger
d - Deflect Missiles      Chrm/Air       ###.......   100%        6    #######
z - Dazzling Spray        Conj/Hex       #.......     28%         3    ####...


Dungeon Overview and Level Annotations

Branches:
Dungeon (11/15)            Temple (1/1) D:4            Lair (8/8) D:9
 Shoals (0/4) Lair:3       Spider (0/4) Lair:5        Slime (0/6) Lair:8
    Orc (2/2) D:10            Elf (0/3) Orc:2

Altars:
Ashenzari
Cheibriados
Dithmenos
Elyvilon
Fedhas
Gozag
Kikubaaqudgha
Makhleb
Nemelex Xobeh
Okawaru
Pakellas
Qazlal
Ru
Sif Muna
Trog
Vehumet
Xom
Yredelemnul
Zin
The Shining One

Shops:
D:8 *   D:10 ?   Orc:1 !   Orc:2 %:}

Portals:
Trove: D:10 (give 6 scrolls of blinking)

Annotations:
D:3 Sixotanaka's ghost, amateur OpAs
Lair:3 exclusions: hydra and oklob plant
Lair:4 exclusion: hydra
Lair:6 Maud
Lair:8 Rupert
Orc:2 edsrzf's ghost, journeyman DrAr

Inventory:

Hand Weapons
 a - a +0 rapier (weapon)
 b - a +0 blowgun
 c - a +1 dagger of venom
   (You took it off an orc wizard on level 7 of the Dungeon)
Missiles
 d - 4 curare-tipped needles
 H - 39 poisoned needles
Armour
 m - a +2 hat (worn)
Rods
 U - a +5 rod of inaccuracy (14/14) {!a}
   (You found it in a labyrinth)
 Y - a +2 rod of destruction (10/10) {!a}
   (You found it in a labyrinth)
Jewellery
 g - an uncursed ring of protection from cold
 k - a ring of teleportation (on tentacle)
 u - a ring of protection from cold (on tentacle)
 w - a +2 ring of intelligence (right tentacle)
 A - a ring of flight (left tentacle)
 O - a +2 ring of strength (on tentacle)
 P - a ring of positive energy (on tentacle)
 R - a +4 ring of evasion (on tentacle)
 S - the amulet of the Air (around mantle) {Inacc +Fly rElec EV+5 RMsl}
   (You found it on level 1 of the Lair of Beasts)

   [amulet of inaccuracy]

   It reduces the accuracy of all your attacks.
   It affects your evasion (+5).
   It insulates you from electricity.
   It lets you fly.
   It protects you from missiles.
Wands
 e - a wand of paralysis (12/24)
 f - a wand of lightning (4/15)
 r - a wand of draining (7/15)
 v - a wand of slowing (18/48)
 J - a wand of polymorph (10/24)
 W - a wand of confusion (4/48)
Scrolls
 i - a scroll of blinking
 n - 2 scrolls of enchant armour
 p - 5 scrolls of fog
 s - 4 scrolls of recharging
 t - 4 scrolls of magic mapping
 y - 2 scrolls of immolation {unknown}
 C - a scroll of brand weapon {unknown}
 F - 2 scrolls of torment {unknown}
 G - 2 scrolls of vulnerability {unknown}
 I - a scroll of random uselessness {unknown}
 N - 2 scrolls of remove curse {@r2}
 V - a scroll of summoning
Potions
 h - 2 potions of cure mutation
 j - 4 potions of magic
 o - 5 potions of might
 q - 2 potions of invisibility
 z - 5 potions of curing {@q1}
 B - 2 potions of resistance
 D - 4 potions of flight
 E - 2 potions of brilliance
 L - 2 potions of lignification {unknown}
 M - 3 potions of cancellation
 X - a potion of poison {unknown}
Miscellaneous
 x - a fan of gales (inert)
 T - a piece from Xom's chessboard
 Z - a disc of storms
Comestibles
 l - a meat ration

# #.#.##.#. # # #
. # #. ... ##.##
## # #...# .
#.##.# #.....## #
# # #
#.#....###.# #.#
#..# #...#.#..# .
..# . .
#.##...#.# #.##
.. #
#...##X..##.##
##.
#.#.....#..#.# .
# # #..#...#@##.#
# #.##....e#.##.#
#.....##Q##.#..##
#...##.#3..#2.#.#
#...
.x#.⌠.#.x#m..
#.##..##...##.5
### ## ... ##+##
H.. ###. .... #.
.#...


You could see a deep elf blademaster, a tengu reaver, a merfolk (wandering) and
a smoke demon.


Message History

You start resting.
You feel a little less agile now.
A thrashing horror comes into view.
The thrashing horror is distracted by your gold.
A white draconian comes into view. It is wielding a short sword.
A thrashing horror comes into view.
You feel strangely unstable.
You feel the power of the Abyss delaying your translocation!
You feel somewhat more hungry.
You start resting.
A large abomination comes into view.
You feel less exhausted.
A smoke demon comes into view.
The smoke demon gestures at you. Something smites you!
* * * LOW HITPOINT WARNING * * *
You are suddenly pulled into a different region of the Abyss!
No merchants are willing to come to this location.
A thrashing horror comes into view.
A snapping turtle simulacrum comes into view.
The snapping turtle simulacrum moves out of view.
A small abomination comes into view.
You completely miss the small abomination.
The small abomination completely misses you.
You hit the small abomination but do no damage.
Your squeeze misses the small abomination.
The small abomination barely misses you.
You closely miss the small abomination. You closely miss the small abomination.
The small abomination closely misses you.
You hit the small abomination but do no damage.
The small abomination barely misses you.
You hit the small abomination but do no damage.
Your squeeze misses the small abomination.
The small abomination completely misses you.
You miss the small abomination.
The small abomination completely misses you.
You hit the small abomination.
The small abomination hits you but does no damage.
You miss the small abomination.
Your squeeze misses the small abomination.
You hit the small abomination but do no damage.
The small abomination hits you.
* * * LOW HITPOINT WARNING * * *
The small abomination misses you.
Found a meat ration.
An efreet comes into view. It is wielding a scimitar of flaming.
You see here a meat ration.
l - a meat ration A smoke demon comes into view.
A smoke demon opens the door.
A large abomination comes into view.
A deep elf blademaster comes into view. It is wielding two rapiers.
A worldbinder comes into view.
A tengu reaver comes into view. It is wielding a broad axe of flaming.
The smoke demon misses you. The smoke demon completely misses you.
The smoke demon misses you.
The tengu reaver shouts!
The deep elf blademaster shouts!
There is an open door here.
You hear a shout!
The deep elf blademaster completely misses you.
The deep elf blademaster misses you.
A quasit, a cacodemon and a worldbinder come into view.
The worldbinder calls forth creatures from the Shoals!
The manticore looks sick.
The deep elf blademaster hits you with a rapier!
* * * LOW HITPOINT WARNING * * *
The deep elf blademaster hits you with a rapier!!
You die...
Your body crumbles into a pile of gold.

Action                   |  1- 3 |  4- 6 |  7- 9 | 10-12 | 13-15 || total
-------------------------+-------+-------+-------+-------+-------++-------
Melee: Dagger            |    65 |   148 |   484 |   640 |   192 ||  1529
       Rapier            |       |       |       |    65 |   809 ||   874
 Fire: Blowgun           |       |    10 |    13 |    26 |   101 ||   150
Throw: Javelin           |       |       |     2 |     4 |       ||     6
       Throwing net      |       |       |     1 |     1 |     2 ||     4
Invok: Potion Petition   |       |       |     2 |     1 |     2 ||     5
 Abil: Evoke Teleportati |       |       |       |     1 |     9 ||    10
Evoke: Wand              |       |       |     4 |     5 |     1 ||    10
       Rod               |       |       |       |    74 |   138 ||   212
       Piece from Xom's  |       |       |       |       |     2 ||     2
       Fan of gales      |       |       |       |       |     1 ||     1
  Use: Potion            |       |     1 |     3 |     6 |    11 ||    21
       Scroll            |       |     2 |    14 |     9 |    10 ||    35
 Stab: Sleeping          |    18 |    13 |    42 |    52 |    29 ||   154
       Distracted        |     2 |     3 |     4 |     7 |    19 ||    35
       Confused          |       |       |       |     2 |       ||     2
  Eat: Chunk             |     2 |     3 |       |       |       ||     5
       Meat ration       |       |     1 |     1 |     1 |     2 ||     5
       Beef jerky        |       |       |     1 |     4 |     1 ||     6
       Pizza             |       |       |     1 |     9 |     2 ||    12
       Royal jelly       |       |       |     3 |     2 |       ||     5
       Fruit             |       |       |     3 |       |       ||     3
       Bread ration      |       |       |     1 |     3 |    12 ||    16

Vault maps used:
D:1:      shiori_arrival_whats_in_store_for_you
D:2:      grunt_temple_overflow_diamond, tso_altar, first_bread
D:3:      nicolae_overflow_crystal_walls, cheibriados_altar_1
D:4:      kennysheep_goblin_castle, lemuel_round_altar, temple_fountains
D:5:      nemelex_deck, lemuel_crystal_altar, kennysheep_generic_room_8
D:6:      evilmike_ruin_ashenzari, lemuel_blue_sif_altar, st_stairs_6,
          minmay_three_doors
D:7:      marbit_many_paths, kennysheep_potato
D:8:      serial_shops, shop_fountains, nicolae_ossuary_entry_plus, uniq_pikel
D:9:      lair_0_dummy, basic_altar, grunt_livestock
D:10:     orc_0_dummy, serial_corexii_hall, corexii_hall_statues_x,
          corexii_hall_statues_i, serial_shops, nicolae_shop_trees,
          nicolae_trove_entry_columns
D:11:     serial_shops, kennysheep_little_box, corner_web_ring,
          minmay_crystal_water, jmf_multi_god_temple
Temple:   temple_eino_lava_8
Lair:1:   dpeg_oklob_gauntlet
Lair:2:   lab_entry_generic, grunt_megastairs_3, uniq_gastronok
Lair:3:   minmay_shoals_entry_hut, nicolae_lair_grove_arrangements
Lair:4:   grunt_forest_stairs_basic, beast_lair_carwin_4
Lair:5:   spider_nest_entry_webs, infiniplex_staircase_pool
Lair:6:   serial_bayou_pond_a, serial_bayou_lake_a, uniq_maud
Lair:7:   serial_bayou_ford_a
Lair:8:   due_jungle_book, nicolae_slime_entry_slimehenge,
          minmay_stone_trees_large, hibernation_bobbens, uniq_rupert
Orc:1:    serial_shops, nicolae_shop_temple_entry_statues_fountains
Orc:2:    st_orc_open, uniq_maurice
Abyss:3:  evilmike_abyss_exit_kraken
Abyss:4:  abyss_rune_water_cross, bh_silent_lugonu_exit
Lab:      labyrinth_hidden_loot, lab_statue, nicolae_lab_plus,
          nicolae_lab_checkerboard, nicolae_lab_diamond, nicolae_lab_grate
Ossuary:  ossuary_tomb_2

Notes
Turn   | Place    | Note
--------------------------------------------------------------
     0 | D:1      | Sixotanaka the Octopode Assassin began the quest for the Orb.
     0 | D:1      | Reached XP level 1. HP: 14/14 MP: 1/1
     0 | D:1      | Noticed a centaur
     0 | D:1      | Noticed a dwarf
     2 | D:1      | Noticed a troll
     4 | D:1      | Noticed a vine stalker
     5 | D:1      | Noticed a felid
     6 | D:1      | Noticed a felid
     7 | D:1      | Noticed a draconian
    10 | D:1      | Noticed a gargoyle
    10 | D:1      | Noticed a minotaur
    12 | D:1      | Noticed a vine stalker
    14 | D:1      | Noticed a felid
    14 | D:1      | Noticed a troll
    14 | D:1      | Noticed a felid
    16 | D:1      | Noticed a centaur
    18 | D:1      | Noticed a vampire
    18 | D:1      | Noticed a naga
    20 | D:1      | Noticed an ogre
   415 | D:1      | Reached XP level 2. HP: 19/19 MP: 2/2
   686 | D:1      | Reached skill level 3 in Short Blades
   919 | D:1      | Reached XP level 3. HP: 24/24 MP: 3/3
  1143 | D:2      | Found a glowing golden altar of the Shining One.
  1389 | D:2      | Reached skill level 4 in Short Blades
  1426 | D:2      | Found a glowing silver altar of Zin.
  1434 | D:2      | Found a sacrificial altar of Ru.
  1439 | D:2      | Found a basalt altar of Yredelemnul.
  1499 | D:2      | Reached XP level 4. HP: 26/29 MP: 4/4
  1827 | D:3      | Found a snail-covered altar of Cheibriados.
  2031 | D:3      | Reached skill level 5 in Short Blades
  2033 | D:3      | HP: 6/29 [orc/trident (6)]
  2043 | D:3      | Reached XP level 5. HP: 8/34 MP: 5/5
  2043 | D:3      | HP: 7/34 [orc/trident (1)]
  2361 | D:3      | Found a bloodstained altar of Trog.
  2361 | D:3      | Noticed Sixotanaka's ghost (amateur OpAs)
  2732 | D:3      | Reached skill level 6 in Short Blades
  2735 | D:3      | Reached XP level 6. HP: 29/39 MP: 6/6
  3763 | D:4      | Reached skill level 7 in Short Blades
  4016 | D:4      | Found a shimmering altar of Xom.
  4020 | D:4      | Reached XP level 7. HP: 45/45 MP: 7/7
  4028 | D:4      | Found a staircase to the Ecumenical Temple.
  4124 | Temple   | Entered the Ecumenical Temple
  4132 | Temple   | Became a worshipper of Gozag Ym Sagoz the Greedy
  4199 | D:4      | HP: 6/45 [orc wizard/magic dart (11)]
  4660 | D:4      | Noticed Ijyb
  4699 | D:4      | Killed Ijyb
  4699 | D:4      | Reached skill level 8 in Short Blades
  4830 | D:5      | Entered Level 5 of the Dungeon
  4978 | D:5      | Found a blossoming altar of Fedhas.
  5134 | D:5      | HP: 6/45 [centaur (6)]
  5403 | D:5      | Found a sparkling altar of Nemelex Xobeh.
  5687 | D:5      | Reached skill level 9 in Short Blades
  5687 | D:5      | Reached XP level 8. HP: 50/50 MP: 8/8
  6268 | D:6      | Found a deep blue altar of Sif Muna.
  6924 | D:6      | Reached skill level 10 in Short Blades
  7057 | D:6      | Found a shattered altar of Ashenzari.
  7236 | D:6      | Reached skill level 2 in Dodging
  7309 | D:6      | Reached skill level 3 in Dodging
  7767 | D:6      | Reached skill level 6 in Stealth
  7950 | D:6      | Reached skill level 4 in Dodging
  8027 | D:6      | HP: 10/50 [vampire/vampiric draining (6)]
  8034 | D:6      | Reached skill level 7 in Stealth
  8034 | D:6      | Reached XP level 9. HP: 27/54 MP: 9/9
  8426 | D:6      | Upgraded the game from 0.18-a0-898-g3bb3c97 to 0.18-a0-916-gc496e2e
  8575 | D:7      | Reached skill level 5 in Dodging
  8813 | D:7      | Reached skill level 8 in Stealth
  8936 | D:7      | Found a radiant altar of Vehumet.
  9399 | D:7      | Reached skill level 9 in Stealth
  9419 | D:7      | Reached skill level 6 in Dodging
  9552 | D:8      | Found Hyarphoeg's General Store.
  9734 | D:8      | Found a sand-covered staircase.
  9742 | Ossuary  | Entered an ossuary
  9995 | Ossuary  | Reached skill level 10 in Stealth
 10224 | D:8      | Reached skill level 7 in Dodging
 10313 | D:8      | Noticed a deep elf mage
 10323 | D:8      | Killed a deep elf mage
 10323 | D:8      | Reached skill level 4 in Evocations
 10323 | D:8      | Reached XP level 10. HP: 55/60 MP: 9/13
 10522 | D:8      | Bought a scroll of identify for 26 gold pieces
 10762 | D:9      | Found a staircase to the Lair.
 10798 | D:9      | Reached skill level 5 in Evocations
 11163 | D:9      | Reached skill level 3 in Fighting
 11256 | D:9      | Found a sparkling altar of Nemelex Xobeh.
 11340 | D:9      | Reached skill level 11 in Stealth
 11555 | D:9      | Reached skill level 4 in Fighting
 11789 | Lair:1   | Entered Level 1 of the Lair of Beasts
 12135 | Lair:1   | Reached skill level 5 in Fighting
 12493 | Lair:1   | Reached skill level 6 in Fighting
 12495 | Lair:1   | HP: 17/68 [poisoned by a spiny frog]
 12500 | Lair:1   | HP: 11/68 [poisoned by a spiny frog]
 12816 | Lair:1   | Reached skill level 12 in Stealth
 12816 | Lair:1   | Reached XP level 11. HP: 74/74 MP: 14/14
 12828 | Lair:1   | Learned a level 3 spell: Dazzling Spray
 12979 | Lair:1   | Reached skill level 7 in Fighting
 12979 | Lair:1   | Reached skill level 1 in Hexes
 13738 | Lair:1   | Reached skill level 2 in Hexes
 13800 | Lair:2   | Found a labyrinth entrance.
 13804 | Lair:2   | Noticed Gastronok
 13809 | Lab      | Entered a labyrinth
 14084 | Lab      | Noticed a minotaur
 14117 | Lab      | Killed a minotaur
 14117 | Lab      | Reached skill level 8 in Fighting
 14117 | Lab      | Reached skill level 3 in Hexes
 14502 | Lair:2   | Identified a +5 rod of inaccuracy (14/14) (You found it in a labyrinth)
 14503 | Lair:2   | Identified a -2 rod of the swarm (9/9) (You found it in a labyrinth)
 14504 | Lair:2   | Identified a +2 rod of destruction (10/10) (You found it in a labyrinth)
 14518 | Lair:2   | Killed Gastronok
 14518 | Lair:2   | Reached skill level 9 in Fighting
 14518 | Lair:2   | Reached skill level 4 in Hexes
 14785 | Lair:2   | Learned a level 6 spell: Deflect Missiles
 14949 | Lair:2   | Reached skill level 1 in Charms
 14955 | Lair:2   | Reached skill level 10 in Fighting
 15693 | Lair:3   | Reached skill level 2 in Charms
 15693 | Lair:3   | Reached XP level 12. HP: 86/88 MP: 15/15
 16155 | Lair:3   | Noticed a seven-headed hydra
 16307 | Lair:3   | Reached skill level 3 in Charms
 16451 | Lair:3   | Found a staircase to the Shoals.
 17478 | Lair:4   | Reached skill level 11 in Fighting
 17502 | Lair:4   | Noticed a seven-headed hydra
 18143 | Lair:4   | Noticed a death yak
 18316 | Lair:4   | Reached skill level 4 in Charms
 18989 | Lair:5   | Found a hole to the Spider Nest.
 19502 | Lair:5   | HP: 15/91 [trapdoor spider (18)]
 20086 | Lair:6   | Noticed an eight-headed hydra
 20152 | Lair:6   | Reached skill level 12 in Fighting
 20152 | Lair:6   | Reached skill level 5 in Charms
 20428 | Lair:6   | Noticed Maud
 20604 | Lair:6   | Upgraded the game from 0.18-a0-916-gc496e2e to 0.18-a0-988-gb7d270e
 20604 | Lair:6   | Upgraded the game from 0.18-a0-988-gb7d270e to 0.18-a0-1027-g814d7dd
 20843 | Lair:7   | Noticed a death yak
 20843 | Lair:7   | Noticed a death yak
 20870 | Lair:7   | Noticed a death yak
 20871 | Lair:7   | Noticed a death yak
 20871 | Lair:7   | Noticed a death yak
 20871 | Lair:7   | Noticed a death yak
 21121 | Lair:7   | Reached skill level 6 in Charms
 21605 | Lair:7   | Reached XP level 13. HP: 69/98 MP: 16/16
 21939 | Lair:7   | Reached skill level 8 in Dodging
 21959 | Lair:7   | Reached skill level 7 in Charms
 22709 | Lair:7   | Reached skill level 9 in Dodging
 23603 | Lair:7   | Reached skill level 8 in Charms
 24014 | Lair:5   | HP: 20/98 [trapdoor spider (19)]
 24015 | Lair:5   | Reached skill level 10 in Dodging
 24717 | Lair:8   | Entered Level 8 of the Lair of Beasts
 25351 | Lair:8   | Noticed Rupert
 25830 | Lair:7   | Reached skill level 11 in Dodging
 26106 | Lair:7   | Reached skill level 9 in Charms
 26185 | Lair:7   | Reached skill level 1 in Air Magic
 26210 | Lair:7   | Reached XP level 14. HP: 74/104 MP: 17/17
 26322 | Lair:6   | Sixotanaka: lol
 26322 | Lair:6   | Sixotanaka: i'
 26322 | Lair:6   | zzxc: been testing various DDs
 26322 | Lair:6   | Sixotanaka: i'm about to stop
 26322 | Lair:6   | Sixotanaka: getting annoyed
 26322 | Lair:6   | Sixotanaka: have to keep going up and down :(
 26322 | Lair:6   | zzxc: yeah
 26322 | Lair:6   | zzxc: Op unreasons
 26322 | Lair:6   | Sixotanaka: mm
 26322 | Lair:6   | zzxc: it's hard
 26322 | Lair:6   | Sixotanaka: dont want to play
 26322 | Lair:6   | zzxc: like tedious
 26322 | Lair:6   | Sixotanaka: frustrated
 26322 | Lair:6   | Sixotanaka: because then i'll just tab and die
 26322 | Lair:6   | zzxc: decent char tho
 26322 | Lair:6   | zzxc: for an op
 26322 | Lair:6   | Sixotanaka: mm
 26322 | Lair:6   | zzxc: nice rods
 26322 | Lair:6   | zzxc: what is your evoc
 26322 | Lair:6   | Sixotanaka: ya
 26322 | Lair:6   | Sixotanaka: rods are good
 26322 | Lair:6   | Sixotanaka: 9
 26322 | Lair:6   | zzxc: you can really wreck with inaccuracy
 26322 | Lair:6   | Sixotanaka: ya
 26322 | Lair:6   | zzxc: against enemies in a line
 26322 | Lair:6   | Sixotanaka: it's really good
 26322 | Lair:6   | zzxc: it'll hit something and onesh9to
 26322 | Lair:6   | Sixotanaka: i've used innacuracy in hell before
 26322 | Lair:6   | zzxc: ya
 26322 | Lair:6   | zzxc: scales well
 26322 | Lair:6   | Sixotanaka: hits like a truck
 26322 | Lair:6   | zzxc: it is insane vs sleeping enemies
 26322 | Lair:6   | zzxc: wont miss
 26322 | Lair:6   | Sixotanaka: i killed a yak
 26322 | Lair:6   | zzxc: great opener
 26322 | Lair:6   | Sixotanaka: i constricted it
 26322 | Lair:6   | zzxc: oh yeah
 26322 | Lair:6   | Sixotanaka: and then swapped to inacc
 26322 | Lair:6   | zzxc: constr reduces ev by 5 i think
 26322 | Lair:6   | Sixotanaka: ye
 26322 | Lair:6   | Sixotanaka: what is Harm?
 26322 | Lair:6   | zzxc: increases your damage
 26322 | Lair:6   | zzxc: as well as enemy's
 26322 | Lair:6   | Sixotanaka: ah
 26322 | Lair:6   | Sixotanaka: right
 26322 | Lair:6   | Sixotanaka: i remember that somewhere
 26322 | Lair:6   | Upgraded the game from 0.18-a0-1027-g814d7dd to 0.18-a0-1040-g4865665
 26461 | Lair:7   | Reached skill level 2 in Air Magic
 27100 | Lair:8   | Reached skill level 12 in Dodging
 27272 | Lair:8   | Reached skill level 5 in Hexes
 27838 | Lair:8   | Found a staircase to the Slime Pits.
 28230 | Lair:8   | Noticed a dire elephant
 28230 | Lair:8   | Noticed a dire elephant
 28246 | Lair:8   | Noticed a dire elephant
 28268 | Lair:8   | Noticed a dire elephant
 28608 | Lair:8   | Noticed a dire elephant
 28615 | Lair:8   | Paralysed by Rupert for 3 turns
 28718 | Lair:8   | HP: 25/104 [blink frog (17)]
 28755 | Lair:8   | HP: 10/104 [Rupert/great mace of draining (25)]
 29853 | D:10     | Entered Level 10 of the Dungeon
 29926 | D:10     | Found Jefuog's Magic Scroll Emporium.
 29933 | D:10     | Bought a scroll of blinking for 127 gold pieces
 29933 | D:10     | Bought a scroll of identify for 34 gold pieces
 29933 | D:10     | Bought a scroll of summoning for 161 gold pieces
 30196 | D:10     | Found a staircase to the Orcish Mines.
 30660 | D:10     | Found a portal to a secret trove of treasure.
 31229 | D:11     | Found a sparkling altar of Nemelex Xobeh.
 31229 | D:11     | Found a glowing silver altar of Zin.
 31230 | D:11     | Noticed a fire giant
 31243 | D:11     | Noticed a fire giant
 31244 | D:11     | Reached skill level 6 in Hexes
 31270 | D:11     | HP: 24/104 [fire giant/bolt of fire (26)]
 31422 | D:11     | XOM: medium Air miscast
 31423 | D:11     | XOM: swap monsters
 31435 | D:11     | HP: 23/104 [wraith (7)]
 31963 | Orc:1    | Entered Level 1 of the Orcish Mines
 32020 | Orc:1    | Found Heetitt's Distillery.
 32055 | Orc:1    | Reached skill level 13 in Dodging
 32212 | Orc:1    | Bought a potion of heal wounds for 85 gold pieces
 32212 | Orc:1    | Bought a potion of heal wounds for 85 gold pieces
 32212 | Orc:1    | Bought a potion of heal wounds for 85 gold pieces
 32212 | Orc:1    | Bought a potion of curing for 51 gold pieces
 32212 | Orc:1    | Bought a potion of curing for 51 gold pieces
 32364 | Orc:1    | Bought a potion of resistance for 170 gold pieces
 32370 | Orc:2    | Entered Level 2 of the Orcish Mines
 32370 | Orc:2    | Found a staircase to the Elven Halls.
 32372 | Orc:2    | Found Sovvoo's Food Shoppe.
 32714 | Orc:2    | Noticed Maurice
 32767 | Orc:2    | Noticed edsrzf's ghost (journeyman DrAr)
 32808 | Orc:2    | Killed Maurice
 33274 | Orc:2    | Found Nato Vij's Gadget Emporium.
 33275 | Orc:2    | Found Par Yhojy's Book Emporium.
 33275 | Orc:2    | Noticed a stone giant
 33487 | Orc:1    | Noticed an orc warlord
 33532 | Orc:1    | Reached skill level 6 in Evocations
 33949 | Orc:1    | Reached skill level 13 in Fighting
 34339 | Orc:2    | Cast into level 3 of the Abyss (an ogre mage)
 34529 | Abyss:3  | Found a shimmering altar of Xom.
 34532 | Abyss:3  | Noticed a starcursed mass
 34541 | Abyss:3  | Noticed a lich
 34556 | Abyss:3  | Noticed a tentacled starspawn
 34673 | Abyss:3  | Found a corrupted altar of Lugonu.
 34898 | Abyss:4  | Found a corrupted altar of Lugonu.
 34999 | Abyss:4  | Noticed a tentacled starspawn
 35039 | Abyss:4  | HP: 19/106 [tentacled starspawn (26)]
 35040 | Abyss:4  | HP: 4/106 [tentacled starspawn (21)]
 35045 | Abyss:4  | HP: 31/159 [raiju (1)]
 35051 | Abyss:4  | HP: 16/159 [soul eater[a shadow demon] (14)]
 35087 | Abyss:4  | Noticed a white draconian
 35100 | Abyss:4  | HP: 15/106 [smoke demon/divine providence (11)]
 35198 | Abyss:4  | Noticed a deep elf blademaster
 35201 | Abyss:4  | Noticed a tengu reaver
 35203 | Abyss:4  | Noticed a cacodemon
 35204 | Abyss:4  | HP: 22/106 [deep elf blademaster/rapier (16)]
 35204 | Abyss:4  | Slain by a deep elf blademaster

Vanquished Creatures
  Gastronok (Lair:2)
  A minotaur (Lab)
  A hydra (Lair:7)
  An anaconda (Lair:8)
  11 death yaks
  A deep troll (Orc:1)
  A lindwurm (Lair:7)
  2 hill giants
  2 deep elf magi
  An orc knight (Orc:2)
  An orc sorcerer (Orc:1)
  An ugly thing (D:11)
  2 griffons
  A cyclops (D:11)
  Maurice (Orc:2)
  5 elephants (Lair:7)
  5 black mambas
  23 spiny frogs
  A torpor snail (Lair:8)
  9 komodo dragons
  2 fire drakes (Lair:7)
  A polar bear (Lair:6)
  3 two-headed ogres (Orc:2)
  5 trolls
  A minotaur zombie (Lab)
  2 raiju (Abyss:4)
  A snapping turtle (Lair:3)
  3 boulder beetles
  3 blink frogs (Lair:7)
  A vampire (D:6)
  2 shadows (Lab)
  3 removed
  MONS_TRAPDOOR_SPIDERs (Lair:5)
  4 wyverns
  31 yaks
  7 hippogriffs
  4 basilisks
  2 large abominations
  A human (D:9)
  A wraith (D:11)
  A hungry ghost (D:10)
  A small abomination (Abyss:3)
  13 wolves
  18 water moccasins
  5 porcupines
  4 ice beasts
  A phantom (D:7)
  A wasp (D:9)
  9 orc warriors
  3 sky beasts
  7 centaurs
  A necrophage (D:7)
  A big kobold (D:7)
  13 crocodiles
  22 giant frogs
  14 ogres
  2 water moccasin zombies (Ossuary)
  A scorpion (D:11)
  5 killer bees (D:9)
  3 wights (D:10)
  8 crimson imps
  A centaur zombie (D:6)
  9 jellies
  A centaur skeleton (D:10)
  15 orc priests
  6 hounds
  4 giant frog skeletons
  26 orc wizards
  Ijyb (D:4)
  11 iguanas
  5 worker ants
  14 sheep
  3 big kobold zombies (Ossuary)
  3 hound skeletons
  A hound zombie (D:5)
  2 mummies (Ossuary)
  11 adders
  2 worker ant zombies
  6 gnolls
  53 river rats
  A shadow imp (D:8)
  5 oozes
  9 adder zombies
  5 worms
  2 adder skeletons
  7 giant geckos
  68 orcs
  13 bats
  8 giant cockroaches
  13 goblins
  5 hobgoblins
  17 jackals
  2 quokkas
  5 ball pythons
  A ball python skeleton (D:6)
  9 giant newts
  2 hobgoblin zombies (Ossuary)
  6 kobolds
  9 kobold zombies (Ossuary)
  8 orc zombies (Ossuary)
  A quokka zombie (D:9)
  10 rats
  2 fungi (Lair:8)
  6 plants
669 creatures vanquished.

Vanquished Creatures (collateral kills)
  2 orc sorcerers (Orc:1)
  A troll (Orc:1)
  A raiju (Abyss:4)
  An orc priest (Orc:1)
  7 orcs (Orc:1)
12 creatures vanquished.

Vanquished Creatures (others)
  A spiny frog (Lair:8)
  A river rat (Lair:8)
  42 fungi
  A lurking horror (Abyss:4)
  24 plants
  3 starspawn tentacles (Abyss:4)
  A starspawn tentacle segment (Abyss:4)
73 creatures vanquished.

Grand Total: 754 creatures vanquished
